 Dungeon Crawl Stone Soup version 0.28.0-45-g0d030f2227 (webtiles) character file.

Game seed: 15127170123121063688

16532 crimpus the Protected (level 12, -4/110 HPs)
             Began as a Minotaur Fighter on Apr 18, 2022.
             Was an Initiate of Lugonu.
             Slain by an angel
             ... wielding a +1 whip of holy wrath
             ... created by the Shining One
              (12 damage)
             ... on level 2 of the Lair of Beasts.
             The game lasted 00:28:54 (18837 turns).

crimpus the Protected (Minotaur Fighter)           Turns: 18837, Time: 00:28:55

Health: -4/110     AC: 24    Str: 24    XL:     12   Next: 10%
Magic:  13/13      EV: 30    Int:  5    God:    Lugonu [......]
Gold:   509        SH:  7    Dex: 12    Spells: 11/11 levels left

rFire   . . .      SeeInvis .   d - +5 long sword
rCold   . . .      Faith    .   c - +0 buckler
rNeg    . . .      Spirit   .   H - +0 plate armour
rPois   .          Reflect  .   (helmet restricted)
rElec   .          Harm     .   k - +1 cloak
rCorr   .          Rampage  .   E - +2 pair of gloves
Will    .....                   p - +0 pair of boots
Stlth   ..........              D - amulet of the acrobat
HPRegen 0.28/turn               A - +4 ring of evasion
MPRegen 0.13/turn               (no ring)

@: silenced (expiring), acrobatic, glowing
A: horns 2, retaliatory headbutt, sturdy frame 1
a: Renounce Religion


You were on level 2 of the Lair of Beasts.
You worshipped Lugonu.
Lugonu was noncommittal.
You visited 3 branches of the dungeon, and saw 13 of its levels.
You visited the Abyss 1 time.

You collected 509 gold pieces.

Inventory:

Hand Weapons
 a - a +0 long sword
 d - a +5 long sword (weapon)
 i - a +3 dagger of protection
 F - a +2 trident of venom
 G - a +3 dagger
Missiles
 n - 15 poisoned darts
 q - 3 curare-tipped darts (quivered)
Armour
 b - a +0 scale mail
 c - a +0 buckler (worn)
 h - a +0 pair of boots
 k - a +1 cloak (worn)
 p - a +0 pair of boots (worn)
 E - a +2 pair of gloves (worn)
 H - a +0 plate armour (worn)
Jewellery
 z - a ring of magical power
 A - a +4 ring of evasion (left hand)
 D - an amulet of the acrobat (around neck)
Wands
 e - a wand of polymorph (13)
 t - a wand of flame (15)
 v - a wand of charming (4)
 x - a wand of iceblast (11)
 B - a wand of paralysis (6)
 I - a wand of digging (5)
Scrolls
 m - 2 scrolls of magic mapping
 r - a scroll of silence
 u - 2 scrolls of fog
 J - 2 scrolls of identify
 L - a scroll of amnesia
Potions
 g - 3 potions of attraction
 j - a potion of degeneration
 o - 2 potions of brilliance
 w - a potion of flight


   Skills:
 * Level 11.0 Fighting
 - Level 2.4 Long Blades
 - Level 0.4 Polearms
 - Level 1.7 Throwing
 * Level 14.7 Armour
 * Level 7.9 Dodging
 * Level 12.6 Shields
 * Level 3.8 Invocations


You had 11 spell levels left.
You didn't know any spells.
Your spell library contained the following spells:

 Spells                   Type           Power      Damage    Failure   Level
 Magic Dart               Conj           0%         1d3       97%         1
 Searing Ray              Conj           0%         2d4       99%         2
 Static Discharge         Conj/Air       0%         N/A       99%         2
 Call Canine Familiar     Summ           0%         N/A       100%        3
 Gell's Gravitas          Tloc           0%         N/A       100%        3
 Lesser Beckoning         Tloc           0%         N/A       100%        3
 Portal Projectile        Hex/Tloc       0%         N/A       100%        3
 Teleport Other           Tloc           0%         N/A       100%        3
 Dispel Undead            Necr           0%         3d6       100%        4
 Fulminant Prism          Conj/Hex       0%         3d6       100%        4
 Leda's Liquefaction      Hex/Erth       0%         N/A       100%        4
 Sticky Flame             Conj/Fire      0%         2d3       100%        4
 Summon Forest            Summ/Tloc      0%         N/A       100%        5
 Eringya's Noxious Bog    Tmut/Pois      0%         N/A       100%        6
 Summon Hydra             Summ           0%         N/A       100%        7


Dungeon Overview and Level Annotations

Branches:
Dungeon (10/15)            Temple (1/1) D:6            Lair (2/6) D:9
    Orc (0/2) D:9
  Swamp: Lair:2-4    Shoals: Lair:2-4     Snake: Lair:2-4    Spider: Lair:2-4

Altars:
Ashenzari
Cheibriados
Dithmenos
Elyvilon
Fedhas
Gozag
Hepliaklqana
Kikubaaqudgha
Makhleb
Nemelex Xobeh
Okawaru
Qazlal
Ru
Sif Muna
Trog
Uskayaw
Vehumet
Wu Jian
Xom
Yredelemnul
Zin
The Shining One

Shops:
D:1 !

Annotations:
D:6 1 runed translucent door, Lamak's ghost, novice TrBe
D:9 Snorg


Innate Abilities, Weirdness & Mutations

You have a pair of horns on your head.
You reflexively headbutt those who attack you in melee.
Your movements are slightly less encumbered by armour. (ER -2)


Message History

The angel is wielding a +1 whip of holy wrath.
The daeva is wielding a +4 long sword of holy wrath.
There are monsters nearby!
As you read the scroll of silence, it crumbles to dust.
A profound silence engulfs you.
The daeva calls down the wrath of the Shining One upon you.
The Shining One smites you!
The angel hits you with a +1 whip of holy wrath!
The angel misses you.
The daeva calls down the wrath of the Shining One upon you.
The Shining One smites you! You block the angel's attack.
The angel closely misses you. The angel hits you but does no damage.
The angel barely misses you.
The daeva calls down the wrath of the Shining One upon you.
The Shining One smites you!
The daeva calls down the wrath of the Shining One upon you.
The Shining One smites you!
The daeva calls down the wrath of the Shining One upon you.
The Shining One smites you!
You slash the angel!
The angel is lightly wounded.
The angel hits you but does no damage.
The angel hits you with a +1 whip of holy wrath.
The angel barely misses you. You furiously retaliate!
You headbutt the angel, but do no damage.
The angel barely misses you. The angel hits you but does no damage.
The angel barely misses you.
The angel hits you with a +1 whip of holy wrath!
* * * LOW HITPOINT WARNING * * *
The angel hits you but does no damage. You block the angel's attack. x2
The daeva calls down the wrath of the Shining One upon you.
The Shining One smites you!
* * * LOW HITPOINT WARNING * * *
The angel completely misses you. The angel hits you but does no damage.
The daeva calls down the wrath of the Shining One upon you.
The Shining One smites you!
* * * LOW HITPOINT WARNING * * *
The angel hits you but does no damage. x2
You block the angel's attack. The angel hits you but does no damage.
The angel hits you with a +1 whip of holy wrath!
You die...

#####...P# ##........
###......## #.........
#........P# #.........
#.....<..## #PY.......
#........## ##........
#.........######........
#........#.##.##........
#................>......
#.....^@................
#.....A.##P####.........
###♣≈♣...### #.........
#≈≈≈....# ##.........
♣≈P≈≈...# #...........
♣≈≈≈≈...###..#.........
♣P≈PP..................
#P≈≈P..................
###≈♣≈.A................


You could see an angel.

Vanquished Creatures
  A hydra (Lair:2)
  7 death yaks
  A sixfirhy (Abyss:2)
  A large abomination (Abyss:1)
  Joseph (D:8)
  An elephant (D:8)
  2 black mambas (Lair:2)
  2 cane toads (Lair:1)
  A torpor snail (D:9)
  A komodo dragon (Lair:2)
  2 kobold demonologists
  Prince Ribbit (D:8)
  2 dream sheep (Lair:1)
  2 wraiths
  A shadow (D:9)
  3 wyverns
  A basilisk (D:9)
  11 yaks
  An acid dragon (D:8)
  9 water moccasins
  4 black bears
  2 ice beasts (D:7)
  3 orc warriors
  A centaur (D:8)
  6 ogres
  11 wolves
  4 kobold brigands
  8 bullfrogs
  A gnoll sergeant (D:9)
  A scorpion (D:7)
  A small abomination (Abyss:1)
  2 wyvern skeletons
  A water moccasin skeleton (D:5)
  10 killer bees
  A howler monkey (D:8)
  4 wights
  A bullfrog zombie (D:6)
  2 centaur zombies
  A gnoll shaman (D:3)
  3 hounds
  2 jellies
  3 orc priests
  Crazy Yiuf (D:2)
  An iron imp (D:3)
  Natasha (thrice) (D:2)
  3 iguanas
  Terence (D:1)
  7 orc wizards
  A killer bee zombie (D:8)
  A hound skeleton (D:4)
  A howler monkey skeleton (D:4)
  3 adders
  9 gnolls
  A white imp (D:8)
  An ufetubus (D:4)
  An adder skeleton (D:4)
  A worm (D:2)
  A dart slug (D:3)
  21 orcs
  10 ball pythons
  3 bats
  2 endoplasms
  5 giant cockroaches
  6 goblins
  5 hobgoblins
  4 jackals (D:4)
  3 quokkas
  5 frilled lizards
  16 kobolds
  A quokka skeleton (D:4)
  5 rats
245 creatures vanquished.

Vanquished Creatures (others)
  12 fungi
  75 plants
87 creatures vanquished.

Grand Total: 332 creatures vanquished

Notes
Turn   | Place    | Note
-------+----------+-------------------------------------------
     0 | D:1      | crimpus the Minotaur Fighter began the quest for the Orb.
     0 | D:1      | Reached XP level 1. HP: 19/19 MP: 0/0
   118 | D:1      | Found Sibb's Distillery.
   453 | D:1      | Found a faded altar of an unknown god.
   471 | D:1      | Reached XP level 2. HP: 27/27 MP: 1/1
   772 | D:2      | Reached skill level 4 in Armour
   772 | D:2      | Reached XP level 3. HP: 29/34 MP: 2/2
   876 | D:2      | Noticed Natasha
   884 | D:2      | Killed Natasha
  1097 | D:2      | Noticed Natasha
  1121 | D:2      | Killed Natasha
  1122 | D:2      | Reached XP level 4. HP: 24/41 MP: 3/3
  1697 | D:2      | Noticed Terence
  1698 | D:2      | Noticed Natasha
  1751 | D:1      | HP: 2/41 [Terence/+0 short sword (3)]
  1753 | D:1      | Killed Terence
  2259 | D:2      | Killed Natasha
  2260 | D:2      | Reached skill level 5 in Fighting
  2260 | D:2      | Reached skill level 5 in Armour
  2260 | D:2      | Reached skill level 1 in Dodging
  2260 | D:2      | Reached XP level 5. HP: 48/48 MP: 4/4
  2392 | D:2      | Found a runed translucent door.
  2393 | D:2      | Noticed Crazy Yiuf
  2940 | D:2      | Killed Crazy Yiuf
  3434 | D:3      | You fall into a shaft and drop 2 floors!
  3434 | D:5      | Entered Level 5 of the Dungeon
  3480 | D:5      | Noticed a water moccasin
  3484 | D:5      | Killed a water moccasin
  3485 | D:5      | Reached skill level 6 in Armour
  3485 | D:5      | Reached skill level 5 in Shields
  3485 | D:5      | Reached XP level 6. HP: 45/56 MP: 5/5
  3899 | D:5      | Noticed a wyvern
  3904 | D:5      | Killed a wyvern
  3905 | D:5      | Reached skill level 7 in Armour
  3905 | D:5      | Reached XP level 7. HP: 47/63 MP: 6/6
  4378 | D:4      | Reached skill level 8 in Armour
  4799 | D:4      | Reached XP level 8. HP: 51/71 MP: 7/7
  5011 | D:4      | Reached skill level 9 in Armour
  5639 | D:3      | Found a snail-covered altar of Cheibriados.
  5739 | D:3      | Found a sacrificial altar of Ru.
  5741 | D:3      | Found a broken altar of Ashenzari.
  5741 | D:3      | Found an ancient bone altar of Kikubaaqudgha.
  5743 | D:3      | Found a glowing silver altar of Zin.
  5743 | D:3      | Found a stormy altar of Qazlal.
  5743 | D:3      | Found a shimmering altar of Xom.
  6301 | D:5      | Reached skill level 10 in Armour
  6425 | D:5      | Gained mutation: Armour fits poorly on your strangely
                  | shaped body. [potion of mutation]
  6425 | D:5      | Gained mutation: Your spells are a little harder to cast,
                  | but a little more powerful. [potion of mutation]
  6425 | D:5      | Gained mutation: You are strong-willed. (Will+) [potion of
                  | mutation]
  6523 | D:6      | Found a broken altar of Ashenzari.
  6527 | D:6      | Saw a vision of the Swamp and the Spider Nest.
  6527 | D:6      | Noticed a wolf spider
  6527 | D:6      | Noticed a wolf spider
  6527 | D:6      | Noticed a wolf spider
  6527 | D:6      | Noticed an alligator
  6527 | D:6      | Noticed a will-o-the-wisp
  6527 | D:6      | Noticed an alligator
  6537 | D:6      | Found an ancient bone altar of Kikubaaqudgha.
  6555 | D:6      | Found a staircase to the Ecumenical Temple.
  6562 | D:6      | Found a radiant altar of Vehumet.
  6577 | Temple   | Entered the Ecumenical Temple
  6622 | Temple   | Became a worshipper of the Shining One
  6755 | D:6      | Found a runed translucent door.
  6755 | D:6      | Noticed Lamak's ghost (novice TrBe)
  7294 | D:7      | Reached skill level 11 in Armour
  7294 | D:7      | Reached XP level 9. HP: 75/79 MP: 8/8
  8117 | D:7      | Found a burning altar of Makhleb.
  8513 | D:8      | Noticed Prince Ribbit
  8526 | D:8      | Killed Prince Ribbit
  8616 | D:8      | Lost mutation: You are strong-willed. (Will+) [potion of
                  | mutation]
  8616 | D:8      | Lost mutation: Armour fits poorly on your strangely shaped
                  | body. [potion of mutation]
  8616 | D:8      | Lost mutation: Your spells are a little harder to cast, but
                  | a little more powerful. [potion of mutation]
  8616 | D:8      | Gained mutation: Your movements are slightly less
                  | encumbered by armour. (ER -2) [potion of mutation]
  8633 | D:8      | Noticed a kobold demonologist
  8634 | D:8      | Reached * piety under the Shining One
  8663 | D:8      | Noticed a soul eater
  8663 | D:8      | Noticed a kobold demonologist
  8687 | D:9      | Noticed a soul eater
  8691 | D:9      | Noticed a red devil
  8693 | D:9      | Killed a kobold demonologist
  8702 | D:8      | Noticed an ice devil
  8710 | D:9      | Noticed a smoke demon
  8718 | D:8      | Killed a kobold demonologist
  8719 | D:8      | Reached skill level 12 in Armour
  9287 | D:8      | Found a stormy altar of Qazlal.
  9324 | D:8      | Found a hide-covered altar of Uskayaw.
  9363 | D:8      | Noticed Joseph
  9434 | D:8      | Reached XP level 10. HP: 90/90 MP: 9/9
  9466 | D:8      | Reached skill level 5 in Dodging
  9672 | D:8      | Killed Joseph
  9988 | D:9      | Noticed an elephant
  9989 | D:9      | Found a staircase to the Lair.
  9989 | D:9      | Noticed a death yak
 10009 | D:8      | Reached skill level 1 in Throwing
 10051 | D:8      | Killed a death yak
 10052 | D:8      | Reached skill level 10 in Shields
 10612 | D:8      | Killed an elephant
 11051 | D:9      | Found an iron altar of Okawaru.
 11115 | D:9      | Reached skill level 1 in Invocations
 11339 | D:9      | Reached ** piety under the Shining One
 11618 | D:9      | Found a staircase to the Orcish Mines.
 11813 | D:10     | Entered Level 10 of the Dungeon
 11813 | D:10     | Noticed Snorg
 12088 | D:9      | HP: 1/91 [Snorg (5)]
 12666 | Lair:1   | Entered Level 1 of the Lair of Beasts
 13046 | D:9      | Reached XP level 11. HP: 18/97 MP: 11/11
 13575 | D:9      | Reached skill level 13 in Armour
 14094 | Lair:2   | Noticed a death yak
 14094 | Lair:2   | Noticed a death yak
 14095 | Lair:2   | Noticed a death yak
 14095 | Lair:2   | Noticed a death yak
 14095 | Lair:2   | Noticed a death yak
 14102 | Lair:2   | Noticed a death yak
 14619 | Lair:1   | Killed a death yak
 14652 | D:9      | Killed a death yak
 14653 | D:9      | Reached skill level 10 in Fighting
 14656 | D:9      | HP: 1/99 [death yak (15)]
 14689 | D:9      | Killed a death yak
 15245 | D:9      | Killed a death yak
 15732 | Lair:1   | Killed a death yak
 15824 | D:8      | Killed a death yak
 15825 | D:8      | Reached skill level 14 in Armour
 16508 | Lair:2   | Noticed an eight-headed hydra
 16813 | Lair:2   | Killed an eight-headed hydra
 17546 | Lair:2   | Reached XP level 12. HP: 61/108 MP: 13/13
 18014 | Lair:2   | Noticed Sonja
 18023 | Lair:2   | Cast into level 1 of the Abyss (Sonja)
 18255 | Abyss:1  | Noticed an ancient lich
 18308 | Abyss:1  | Noticed a red very ugly thing
 18308 | Abyss:1  | Noticed a brown very ugly thing
 18308 | Abyss:2  | Found a viscous altar of Jiyva.
 18332 | Abyss:2  | Noticed a lich
 18404 | Abyss:2  | Found a corrupted altar of Lugonu.
 18411 | Abyss:2  | Fell from the grace of the Shining One
 18411 | Abyss:2  | Became a worshipper of Lugonu the Unformed
 18411 | Abyss:2  | Reached * piety under Lugonu
 18437 | Lair:2   | Escaped the Abyss
 18451 | Lair:2   | Noticed Sonja
 18451 | Lair:2   | Sonja changed into Sonja the black mamba
 18464 | Lair:2   | Killed Sonja the black mamba
 18814 | Lair:2   | Noticed an angel
 18814 | Lair:2   | Noticed a daeva
 18837 | Lair:2   | Slain by an angel

Illustrated notes

Levels and vault maps discovered:
D:1:      lemuel_arrival_river_ford, layout_basic, serial_shops, shop_fountains,
          hellmonk_ecumenical_altar_blasted, minmay_misc_feat_hallway,
          corexii_leaking_fountain
D:2:      wad_lake_hut, layout_basic, uniq_natasha, uniq_crazy_yiuf_cottage,
          uniq_terence
D:3:      layout_loops_corners, slow_altar_1, doesnt_xom_only_xom
D:4:      minmay_skewed_foursquare, layout_basic, st_stairs_9
D:5:      layout_rooms, corexii_checkpoint_a
D:6:      layout_rooms, grunt_ashenzari_visionary
          [grunt_ashenzari_visionary_swamp, grunt_ashenzari_visionary_spider],
          mainiacjoe_overflow_large_starburst, minmay_temple_entry_ruins,
          hellmonk_ghost_happy_afterlife
D:7:      layout_cave_pods, makhleb_heckhound_becter
D:8:      layout_basic, nicolae_overflow_hidden_temple,
          overflow_temple_1_default, st_stairs_4, uniq_prince_ribbit1,
          uniq_joseph
D:9:      layout_small_grid, okawaru_metal_pillars_1_2, david_lair_generic,
          orc_0_dummy
D:10:     layout_rooms, st_stairs_7, grunt_ministairs_14, uniq_snorg,
          uniq_psyche
Temple:   cyrus_circular_temple
Lair:1:   layout_cave_shapes, lemuel_fruit_fields
Lair:2:   layout_small_grid, serial_bayou, serial_bayou_pond_a,
          serial_bayou_lagoon_a, serial_bayou_shore_b, serial_bayou_pond_e,
          serial_bayou_ford_a, serial_bayou_pond_d, uniq_sonja

Skill      XL: |  1  2  3  4  5  6  7  8  9 10 11 12 |
---------------+-------------------------------------+-----
Fighting       | 4 5 6 7 8 9 10 11 | 11.0
Armour         | 4 5 6 7 8 11 12 14 | 14.7
Shields        | 4 5 6 7 9 11 12 | 12.6
Dodging        | 1 2 4 7 |  7.9
Throwing       | 1 |  1.7
Invocations    | 1 3 |  3.8
Long Blades    | |  2.4
Polearms       | |  0.4

Action                   |  1- 3 |  4- 6 |  7- 9 | 10-12 || total
-------------------------+-------+-------+-------+-------++-------
Melee: Long sword        |    65 |    10 |       |    19 ||    94
       Headbutt          |     4 |    14 |    87 |   110 ||   215
       Dagger            |       |    90 |   361 |    13 ||   464
       Unarmed           |       |     5 |       |       ||     5
       Trident           |       |       |       |   352 ||   352
Throw: Dart              |       |       |     4 |     8 ||    12
Invok: Divine Shield     |       |       |       |     5 ||     5
       Depart the Abyss  |       |       |       |     1 ||     1
Evoke: Wand              |       |       |       |     2 ||     2
  Use: Potion            |     4 |     2 |     6 |     9 ||    21
       Scroll            |       |     5 |    13 |     8 ||    26
Armor: Scale mail        |    31 |    38 |   169 |    29 ||   267
       Skin              |    12 |     3 |       |     1 ||    16
       Plate armour      |       |       |       |   245 ||   245
Dodge: Dodged            |    32 |    44 |   268 |   548 ||   892
Block: Buckler           |    19 |    18 |   108 |   241 ||   386
